ElectroGuy, lawful female human Valkyrie --- .(-- ..)>%. ...(@G ....%G ... ElectroGuy the Fighter Experience level: 6 Strength: 16 Dexterity: 17 Constitution: 18 Intelligence: 7 Wisdom: 7 Charisma: 10 Health: 0(60) Energy: 13(13) Def: 4 Gold: 83 Moves: 2092 Dungeon seed: Zl0gSh0GdP28gASc Game ID: ElectroGuy_1577550680 Your Inventory: Coins $ - 83 gold pieces Weapons a - a +1 long sword (weapon in hand) b - a +0 dagger l - 7 +0 darts o - 10 blessed +2 darts (in quiver) p - a +0 aklys w - 8 +0 daggers C - a +0 aklys D - a +0 aklys Armor e - an uncursed +3 small shield (being worn) y - an uncursed +0 elven mithril-coat z - an uncursed +0 dwarvish iron helm N - an uncursed +0 dwarvish mithril-coat Y - an uncursed +0 pair of iron shoes Comestibles x - an uncursed pancake E - an uncursed food ration Scrolls f - an uncursed scroll of create monster Rings g - an uncursed ring of protection from shape changers (on left hand) k - an uncursed ring of protection from shape changers (on right hand) B - an uncursed ring of fire resistance Tools m - 8 uncursed tallow candles (0:200) s - an uncursed tin opener v - an uncursed sack A - an uncursed magic whistle Gems n - 2 uncursed worthless pieces of red glass q - 2 uncursed worthless pieces of orange glass r - an uncursed worthless piece of white glass Spells and supernatural/magical abilities: Name Level Category Fail Memory W - pray for help -- divine ? -- Your skills at the end: Fighting Skills Weapon Skills dagger [Basic] long sword [Skilled] Spellcasting Skills Final Attributes: You were piously aligned. You were cold resistant. You were stealthy. You were protected from shape changers. You are dead. Vanquished creatures: a small mimic an orc shaman a fog cloud 3 gnome lords a little dog a floating eye a dwarf a kobold shaman a rabid rat an iguana an acid blob 3 coyotes 2 hobbits a large kobold a hobgoblin 2 giant rats 19 gnomes a gnome zombie 3 jackals a fox a kobold 6 grid bugs 5 lichens a kobold zombie 3 newts 62 creatures vanquished. Voluntary challenges: You were an atheist. You used a wielded weapon 77 times, starting on turn 2. You read items or engraved 1 time, starting on turn 634. You never genocided any monsters. You never polymorphed an object. You never changed form. You used no wishes. You never split a pudding. You never wrote Elbereth's name. You never violated your personal moral code. Dungeon overview: The Dungeons of Doom: levels 1 to 2 Level 1 a long staircase Level 2 a general store, some fountains stairs to The Gnomish Mines The Gnomish Mines: levels 3 to 5 Level 3 stairs to The Dungeons of Doom Level 4 <- You were here Level 5 many shops, a temple to Loki, some fountains, some trees History has recorded: On T:1 you entered the Dungeons of Doom to retrieve the Amulet of Yendor! On T:266 you reached level 2 of The Dungeons of Doom. On T:456 you advanced to experience level 2. On T:606 you advanced to experience level 3. On T:745 you advanced to experience level 4. On T:904 you reached level 1 of The Gnomish Mines. On T:1474 you reached level 3 of The Gnomish Mines. On T:1573 you advanced to experience level 5. On T:1985 you advanced to experience level 6. On T:2045 you reached level 2 of The Gnomish Mines. Score breakdown: Gold: 83 ( 6545 points) Experience: 6 levels (12456 points) Exploration: 5 levels ( 10.20%) ( 8660 points) Discoveries: 6 items ( 2.44%) ( 4685 points) Valuables value: (no points given unless you survive) Artifact value: 0 ( 0 points) Variety of kills: 25 monsters ( 6.56%) ( 7684 points) Turncount: 2092 turns ( -67 points) Survival: died (score multiplied by 80%) Total score: 31970 Latest messages: The little dog bites! You see here a newt corpse. The little dog misses. You kill the little dog! The gnome hits! You kill the gnome! This newt corpse tastes terrible! You stop eating. You hit the gnome king! The gnome king wields an aklys! You hit the gnome lord! The gnome king swings his aklys. The gnome king hits! The gnome lord hits! You hit the gnome king. The gnome king swings his aklys. The gnome king hits! The gnome lord hits! You die... The sack is empty. The sack is empty. Final status: Farvel ElectroGuy the Valkyrie, killed by a gnome lord... You died in The Gnomish Mines on dungeon level 4 with 31970 points, and 83 pieces of gold, after 2092 moves. You were level 6 with a maximum of 60 hit points when you died.